 Dungeon Crawl Stone Soup version 0.29.0-4-gdea44cf6ec (webtiles) character file.

Game seed: 2144026368912350884

53687 qw the Brawler (level 14, 0/133 HPs)
             Began as a Troll Cinder Acolyte on Sept 2, 2022.
             Was a High Priest of Okawaru.
             Slain by a wolf (2 damage)
             ... on level 5 of the Lair of Beasts.
             The game lasted 00:08:47 (12864 turns).

qw the Brawler (Troll Cinder Acolyte)              Turns: 12864, Time: 00:08:48

Health: 0/133      AC: 17    Str: 29    XL:     14   Next: 31%
Magic:  25/26      EV:  8    Int: 10    God:    Okawaru [*****.]
Gold:   1342       SH: 14    Dex:  5    Spells: 15/15 levels left

rFire   . . .      SeeInvis +     - Unarmed
rCold   + . .      Faith    .   s - +0 kite shield
rNeg    . . .      Spirit   .   b - +1 acid dragon scales
rPois   .          Reflect  +   (helmet restricted)
rElec   .          Harm     .   l - +2 cloak
rCorr   +          Rampage  .   (gloves unavailable)
Will    +++..                   (boots unavailable)
Stlth   ..........              j - amulet "Judofuodd" {Reflect rC+ Will+ SH+5}
HPRegen 1.12/turn               f - +4 ring of protection
MPRegen 0.20/turn               e - ring "Ylus" {MP+9 SInv}

@: slowed, very slow
A: large, unfitting armour, claws 3, regeneration 1, shaggy fur 1, tough skin 1,
strong-willed 1, wild magic 1
a: Renounce Religion, Heroism, Finesse, Duel


You were on level 5 of the Lair of Beasts.
You worshipped Okawaru.
Okawaru was extremely pleased with you.
You visited 3 branches of the dungeon, and saw 15 of its levels.

You collected 1342 gold pieces.


Innate Abilities, Weirdness & Mutations

You are too large for most types of armour.
You have claws for hands.
Your natural rate of healing is unusually fast.
You are covered in fur. (AC +1)
You have tough skin. (AC +1)
You are strong-willed. (Will+)
Your spells are a little harder to cast, but a little more powerful.


   Skills:
 - Level 7.0 Fighting
 - Level 4.1 Throwing
 - Level 3.9 Armour
 - Level 3.0 Dodging
 - Level 11.5 Shields
 + Level 17.9 Unarmed Combat
 - Level 1.0 Spellcasting
 - Level 2.1 Fire Magic
 + Level 6.5 Invocations


You had 15 spell levels left.
You didn't know any spells.
Your spell library contained the following spells:

 Spells                   Type           Power      Damage    Failure   Level
 Scorch                   Fire           12%        2d6       50%         2

Inventory:

Armour
 b - +1 acid dragon scales (worn)
 l - a +2 cloak (worn)
 s - a +0 kite shield (worn)
Jewellery
 e - the ring "Ylus" (right claw) {MP+9 SInv}
   (You took it off a wight on level 7 of the Dungeon)

   [ring of see invisible]

   MP:        It affects your magic capacity (+9).
   SInv:      It lets you see invisible.
 f - a +4 ring of protection (left claw)
 j - the amulet "Judofuodd" (around neck) {Reflect rC+ Will+ SH+5}
   (You took it off an orc on level 8 of the Dungeon)

   [amulet of reflection]

   It reflects blocked missile attacks.
   rC:        It protects you from cold.
   SH:        It affects your SH (+5).
   Will:      It increases your willpower.
 m - a +6 ring of strength
Scrolls
 d - 3 scrolls of identify
 k - 2 scrolls of enchant weapon
Potions
 c - 2 potions of resistance
 g - 3 potions of curing
 h - a potion of cancellation
 o - 2 potions of haste

Dungeon Overview and Level Annotations

Branches:
Dungeon (9/15)             Temple (1/1) D:7            Lair (5/5) D:9
  Swamp (0/4) Lair:3        Snake (0/4) Lair:3
  Slime: Lair:4-5       Orc: D:9-12

Altars:
Ashenzari
Cheibriados
Gozag
Makhleb
Nemelex Xobeh
Okawaru
Qazlal
Sif Muna
Trog
Vehumet
Wu Jian
Xom
Yredelemnul
Zin

Shops:
D:4 *

Annotations:
D:5 2 runed translucent doors
D:9 1 runed translucent door, qw's ghost, novice TrCA


Message History

Okawaru accepts your kill.
You hear a trumpeting!
You block the wolf's attack. You block the yak's attack.
The wolf bites you but does no damage. The wolf bites you.
You eviscerate the wolf!!!
You kill the wolf!
Okawaru accepts your kill. The wolf bites you.
An elephant comes into view.
The dream sheep ruffles its wool and motes of dream dust sparkle, to no effect.
The yak completely misses you. The wolf barely misses you.
You mangle the wolf!!
The wolf is almost dead.
You block the wolf's attack. x2; You block the yak's attack.
A yak comes into view.
The wolf bites you but does no damage.
The yak bellows!
You mangle the wolf!!
You kill the wolf!
Okawaru accepts your kill. The wolf bites you!
A yak comes into view.
You block the yak's attack. You block the wolf's attack.
The cane toad stings you but does no damage.
You scratch the cane toad.
The cane toad is lightly wounded.
You block the wolf's attack. You block the yak's attack.
The cane toad stings you but does no damage.
The blink frog blinks!
You eviscerate the cane toad!!!
You kill the cane toad!
Okawaru accepts your kill. The wolf closely misses you.
The wolf bites you but does no damage. The yak barely misses you.
You closely miss the komodo dragon.
You feel like a meek peon again. The wolf bites you but does no damage.
You block the komodo dragon's attack.
The dream sheep ruffles its wool and motes of dream dust sparkle, to no effect.
The yak gores you! The wolf bites you.
You die... ###### #@hYY#### #lYYYYYY# #FSSYh.YY. #S#FYYYY..
YhYYYY#ยค..

#YYYl.##
..
.#wY..#
.
h.FY...#
Y.F..
...


You could see 5 elephants, a torpor snail, a polar bear, 2 komodo dragons, 19
yaks, 2 cane toads, a blink frog, 3 water moccasins, 2 wolves and a dream sheep.

Vanquished Creatures
  Kirke (Lair:3)
  Snorg (Lair:3)
  Harold (D:9)
  4 hydras
  A catoblepas (Lair:1)
  A boulder beetle (D:7)
  16 death yaks
  A two-headed ogre (D:8)
  Sonja (Lair:3)
  An ugly thing (D:8)
  5 black mambas
  24 elephants
  Maggie (D:6)
  13 cane toads
  A gargoyle (D:7)
  A torpor snail (Lair:4)
  2 unseen horrors (D:7)
  4 rime drakes
  3 unseen horror zombies (D:9)
  3 komodo dragons
  A troll (D:8)
  A queen bee (Lair:1)
  5 blink frogs (Lair:3)
  Grinder (D:4)
  9 dream sheep
  Sigmund (D:4)
  2 hogs (Lair:2)
  A wraith (D:9)
  3 humans
  A wyvern (D:9)
  34 yaks
  19 fire elementals
  7 vampire mosquitoes
  2 basilisks
  2 steam dragons
  An acid dragon (D:7)
  13 water moccasins
  2 ice beasts
  4 orc warriors
  4 black bears
  3 sky beasts
  An ogre (D:4)
  29 wolves
  3 centaurs
  A phantom (D:5)
  A kobold brigand (D:9)
  10 bullfrogs
  5 scorpions
  A necrophage (D:5)
  2 gnoll sergeants
  A wyvern zombie (D:9)
  14 wights
  25 killer bees (Lair:1)
  4 howler monkeys (D:7)
  2 centaur zombies (D:9)
  4 jellies
  4 orc priests
  2 gnoll boudas
  3 hounds
  Ijyb (D:4)
  6 iguanas
  5 orc wizards
  2 killer bee zombies (D:9)
  11 adders
  8 gnolls
  A shadow imp (D:5)
  4 white imps
  An ufetubus (D:6)
  A dart slug (D:1)
  27 orcs
  6 ball pythons
  9 bats
  6 endoplasms
  3 giant cockroaches
  4 goblins
  5 hobgoblins
  9 quokkas
  4 frilled lizards
  11 kobolds
  5 rats
442 creatures vanquished.

Vanquished Creatures (others)
  A bush (Lair:1)
  22 fungi
  30 plants
  2 withered plants (D:9)
55 creatures vanquished.

Grand Total: 497 creatures vanquished

Notes
Turn   | Place    | Note
-------+----------+-------------------------------------------
     0 | D:1      | qw the Troll Cinder Acolyte began the quest for the Orb.
     0 | D:1      | Reached XP level 1. HP: 22/22 MP: 1/1
     0 | D:1      | 0 ||| qw: Version: 0.1-a-97-g2dd2ca4
     0 | D:1      | 0 ||| qw: Game counter: 4990
     0 | D:1      | 0 ||| qw: Always use a shield: true
     0 | D:1      | 0 ||| qw: God list: Okawaru
     0 | D:1      | 0 ||| qw: Allow faded altars: false
     0 | D:1      | 0 ||| qw: Do Orc after D:15 true
     0 | D:1      | 0 ||| qw: Do second Lair branch before Depths: true
     0 | D:1      | 0 ||| qw: Lair rune preference: random
     0 | D:1      | 0 ||| qw: Plans: Normal
     0 | D:1      | 0 ||| PLANNING D:1-11
   109 | D:1      | 109 ||| Stepping ~*~*~tactically~*~*~ (outnumbered).
   110 | D:1      | 110 ||| Stepping ~*~*~tactically~*~*~ (outnumbered).
   116 | D:1      | 116 ||| Stepping ~*~*~tactically~*~*~ (stealth).
   117 | D:1      | 117 ||| Stepping ~*~*~tactically~*~*~ (stealth).
   122 | D:1      | Reached XP level 2. HP: 29/29 MP: 2/2
   216 | D:1      | 216 ||| Stepping ~*~*~tactically~*~*~ (stealth).
   217 | D:1      | 217 ||| Stepping ~*~*~tactically~*~*~ (stealth).
   285 | D:1      | Reached skill level 4 in Unarmed Combat
   611 | D:1      | Reached XP level 3. HP: 35/36 MP: 3/3
   695 | D:1      | 695 ||| UPGRADING to +4 ring of protection.
   696 | D:1      | 696 ||| READING scroll labelled WARRIAXTUONK.
   697 | D:1      | 697 ||| READING scroll labelled ZAS YMUOWUKICH.
   698 | D:1      | 698 ||| READING 2 scrolls labelled QIGRATS RUAS.
   888 | D:2      | 888 ||| Stepping ~*~*~tactically~*~*~ (outnumbered).
  1456 | D:2      | 1456 ||| READING scroll labelled XARCHO UDAFOSODD.
  1457 | D:2      | 1457 ||| DRINKING 2 bubbling grey potions.
  1458 | D:2      | 1458 ||| Stepping randomly (stuck).
  1459 | D:2      | 1459 ||| Stepping ~*~*~tactically~*~*~ (cloud).
  1544 | D:3      | 1544 ||| Stepping ~*~*~tactically~*~*~ (outnumbered).
  1545 | D:3      | 1545 ||| Stepping ~*~*~tactically~*~*~ (outnumbered).
  1547 | D:3      | 1547 ||| Stepping ~*~*~tactically~*~*~ (outnumbered).
  1587 | D:3      | Reached XP level 4. HP: 44/44 MP: 4/4
  1899 | D:3      | 1899 ||| UPGRADING to +0 cloak.
  1915 | D:4      | 1915 ||| PLANNING SEWER
  1946 | D:4      | Reached skill level 1 in Throwing
  1949 | D:4      | Found Cotsair's Fire Supplies.
  1960 | D:4      | Reached skill level 5 in Unarmed Combat
  1967 | D:4      | Noticed Grinder
  1968 | D:4      | 1968 ||| Stepping ~*~*~tactically~*~*~ (hiding).
  1975 | D:4      | Paralysed by Grinder for 5 turns
  1990 | D:4      | Killed Grinder
  1991 | D:4      | Reached skill level 6 in Unarmed Combat
  1991 | D:4      | Reached XP level 5. HP: 40/50 MP: 5/5
  1991 | D:4      | Reached XP level 6. HP: 47/59 MP: 6/6
  2009 | D:4      | 2009 ||| Stepping ~*~*~tactically~*~*~ (stealth).
  2030 | D:4      | 2030 ||| SHOPLISTING +0 cloak of fire resistance (138 gold,
                  | have 111).
  2030 | D:4      | 2030 ||| SHOPLISTING ring "Icyph" {Fire rN+ Stlth+} (468
                  | gold, have 111).
  2030 | D:4      | 2030 ||| SHOPLISTING ring of fire (300 gold, have 111).
  2096 | D:4      | Noticed Sigmund
  2101 | D:4      | 2101 ||| Stepping ~*~*~tactically~*~*~ (outnumbered).
  2102 | D:4      | 2102 ||| Stepping ~*~*~tactically~*~*~ (outnumbered).
  2112 | D:4      | 2112 ||| Stepping ~*~*~tactically~*~*~ (hiding).
  2118 | D:4      | Killed Sigmund
  2119 | D:4      | Reached skill level 7 in Unarmed Combat
  2179 | D:4      | 2179 ||| Stepping ~*~*~tactically~*~*~ (stealth).
  2180 | D:4      | 2180 ||| Stepping ~*~*~tactically~*~*~ (stealth).
  2190 | D:4      | Reached skill level 8 in Unarmed Combat
  2190 | D:4      | Reached XP level 7. HP: 54/66 MP: 7/7
  2346 | D:4      | Noticed Ijyb
  2354 | D:4      | Killed Ijyb
  2363 | D:4      | 2363 ||| Stepping ~*~*~tactically~*~*~ (stealth).
  2382 | D:4      | Reached skill level 3 in Fighting
  2582 | D:4      | 2582 ||| RIP SEWER
  2603 | D:4      | 2603 ||| PLANNING D:1-11
  2603 | D:4      | 2603 ||| DROPPING amulet of magic regeneration.
  2604 | D:4      | 2604 ||| DROPPING +6 ring of intelligence.
  2605 | D:4      | 2605 ||| READING scroll labelled COGUEHEPN BASU.
  2606 | D:4      | 2606 ||| READING scroll labelled BIJIDO ZUMUOT.
  2611 | D:4      | 2611 ||| READING scroll labelled OMILOM DESITU.
  2612 | D:4      | 2612 ||| READING scroll labelled PIOSME VATAUCK.
  2613 | D:4      | 2613 ||| READING 2 scrolls of identify.
  2613 | D:4      | 2613 ||| IDENTIFYING red potion
  2614 | D:4      | 2614 ||| DROPPING potion of attraction.
  2625 | D:5      | Entered Level 5 of the Dungeon
  2853 | D:5      | Found a large runed translucent door.
  2853 | D:5      | Found a large runed translucent door.
  2891 | D:5      | Reached skill level 9 in Unarmed Combat
  2994 | D:5      | Noticed a yak
  3000 | D:5      | Killed a yak
  3000 | D:5      | Noticed a komodo dragon
  3001 | D:5      | Reached XP level 8. HP: 58/75 MP: 8/8
  3001 | D:5      | 3001 ||| Stepping ~*~*~tactically~*~*~ (stealth).
  3005 | D:5      | 3005 ||| Stepping ~*~*~tactically~*~*~ (outnumbered).
  3011 | D:5      | 3011 ||| INVOKING Fiery Armour.
  3012 | D:5      | Killed a komodo dragon
  3013 | D:5      | Reached skill level 3 in Dodging
  3078 | D:5      | 3078 ||| Stepping ~*~*~tactically~*~*~ (stealth).
  3079 | D:5      | 3079 ||| Stepping ~*~*~tactically~*~*~ (stealth).
  3088 | D:5      | 3088 ||| Stepping ~*~*~tactically~*~*~ (stealth).
  3093 | D:5      | 3093 ||| Stepping ~*~*~tactically~*~*~ (hiding).
  3094 | D:5      | 3094 ||| Stepping ~*~*~tactically~*~*~ (hiding).
  3095 | D:5      | 3095 ||| Stepping ~*~*~tactically~*~*~ (hiding).
  3096 | D:5      | 3096 ||| Stepping ~*~*~tactically~*~*~ (hiding).
  3097 | D:5      | 3097 ||| Stepping ~*~*~tactically~*~*~ (hiding).
  3098 | D:5      | 3098 ||| Stepping ~*~*~tactically~*~*~ (hiding).
  3099 | D:5      | 3099 ||| Stepping ~*~*~tactically~*~*~ (hiding).
  3100 | D:5      | 3100 ||| Stepping ~*~*~tactically~*~*~ (hiding).
  3101 | D:5      | 3101 ||| Stepping ~*~*~tactically~*~*~ (hiding).
  3102 | D:5      | 3102 ||| Stepping ~*~*~tactically~*~*~ (hiding).
  3104 | D:5      | 3104 ||| Stepping ~*~*~tactically~*~*~ (hiding).
  3120 | D:5      | Reached skill level 10 in Unarmed Combat
  3140 | D:5      | 3140 ||| Stepping ~*~*~tactically~*~*~ (stealth).
  3143 | D:5      | 3143 ||| Stepping ~*~*~tactically~*~*~ (stealth).
  3145 | D:5      | 3145 ||| Stepping ~*~*~tactically~*~*~ (outnumbered).
  3146 | D:5      | 3146 ||| Stepping ~*~*~tactically~*~*~ (outnumbered).
  3147 | D:5      | 3147 ||| Stepping ~*~*~tactically~*~*~ (outnumbered).
  3263 | D:5      | 3263 ||| Stepping ~*~*~tactically~*~*~ (hiding).
  3274 | D:5      | 3274 ||| Stepping ~*~*~tactically~*~*~ (outnumbered).
  3485 | D:5      | Reached XP level 9. HP: 53/84 MP: 9/9
  3485 | D:5      | 3485 ||| FLEEEEING.
  3486 | D:5      | 3486 ||| FLEEEEING.
  3487 | D:5      | 3487 ||| FLEEEEING.
  3488 | D:5      | 3488 ||| FLEEEEING.
  3489 | D:5      | 3489 ||| FLEEEEING.
  3490 | D:5      | 3490 ||| FLEEEEING.
  3491 | D:5      | 3491 ||| FLEEEEING.
  3492 | D:5      | 3492 ||| FLEEEEING.
  3493 | D:5      | 3493 ||| FLEEEEING.
  3494 | D:5      | 3494 ||| FLEEEEING.
  3495 | D:5      | 3495 ||| FLEEEEING.
  3496 | D:5      | 3496 ||| FLEEEEING.
  3497 | D:5      | 3497 ||| FLEEEEING.
  3498 | D:5      | 3498 ||| FLEEEEING.
  3499 | D:5      | 3499 ||| FLEEEEING.
  3500 | D:5      | 3500 ||| FLEEEEING.
  3501 | D:5      | 3501 ||| FLEEEEING.
  3502 | D:5      | 3502 ||| FLEEEEING.
  3503 | D:5      | 3503 ||| FLEEEEING.
  3504 | D:5      | 3504 ||| FLEEEEING.
  3505 | D:5      | 3505 ||| FLEEEEING.
  3506 | D:5      | 3506 ||| FLEEEEING.
  3724 | D:5      | 3724 ||| DROPPING ring of ice.
  3725 | D:5      | 3725 ||| UPGRADING to +6 ring of strength.
  3726 | D:5      | 3726 ||| READING 2 scrolls labelled JUSODGH QIEL.
  3727 | D:5      | 3727 ||| READING scroll labelled VUGOEC FIZOFEY.
  3728 | D:5      | 3728 ||| READING scroll labelled FETSIU ZUBUEX.
  3729 | D:5      | 3729 ||| DRINKING 2 grey potions.
  3730 | D:5      | 3730 ||| READING 2 scrolls of identify.
  3730 | D:5      | 3730 ||| IDENTIFYING fuming clear potion
  3731 | D:5      | 3731 ||| DROPPING potion of flight.
  3732 | D:5      | 3732 ||| DROPPING scroll of butterflies.
  3752 | D:6      | Found a shimmering altar of Xom.
  3754 | D:6      | Noticed Maggie
  3755 | D:6      | 3755 ||| STAIRDANCE
  3822 | D:6      | Killed Maggie
  3987 | D:6      | Found an opulent altar of Gozag.
  4039 | D:6      | Reached skill level 11 in Unarmed Combat
  4103 | D:6      | 4103 ||| Stepping ~*~*~tactically~*~*~ (hiding).
  4222 | D:6      | 4222 ||| Stepping ~*~*~tactically~*~*~ (stealth).
  4244 | D:6      | Reached skill level 3 in Throwing
  4245 | D:6      | 4245 ||| INVOKING Fiery Armour.
  4247 | D:6      | HP: 21/84 [poisoned by a gnoll sergeant]
  4248 | D:6      | 4248 ||| DRINKING potion of heal wounds.
  4252 | D:6      | HP: 19/84 [poisoned by a gnoll sergeant]
  4257 | D:6      | HP: 17/84 [poisoned by a gnoll sergeant]
  4870 | D:6      | Found a snail-covered altar of Cheibriados.
  4892 | D:6      | Found a bloodstained altar of Trog.
  4965 | D:6      | Found a sparkling altar of Nemelex Xobeh.
  5108 | D:6      | 5108 ||| UPGRADING to +0 acid dragon scales.
  5118 | D:6      | 5118 ||| DROPPING +0 robe.
  5119 | D:6      | 5119 ||| READING 2 scrolls of identify.
  5119 | D:6      | 5119 ||| IDENTIFYING yellow potion
  5183 | D:7      | Found a staircase to the Ecumenical Temple.
  5197 | D:7      | 5197 ||| Stepping ~*~*~tactically~*~*~ (hiding).
  5198 | D:7      | 5198 ||| Stepping ~*~*~tactically~*~*~ (hiding).
  5229 | D:7      | Noticed a boulder beetle
  5231 | D:7      | 5231 ||| INVOKING Fiery Armour.
  5241 | D:7      | Killed a boulder beetle
  5242 | D:7      | Reached skill level 3 in Armour
  5303 | D:7      | 5303 ||| Stepping ~*~*~tactically~*~*~ (stealth).
  5317 | D:7      | Reached skill level 12 in Unarmed Combat
  5319 | D:7      | Reached XP level 10. HP: 89/94 MP: 10/10
  5332 | D:7      | 5332 ||| Stepping ~*~*~tactically~*~*~ (stealth).
  5347 | D:7      | 5347 ||| Stepping ~*~*~tactically~*~*~ (hiding).
  5349 | D:7      | 5349 ||| Stepping ~*~*~tactically~*~*~ (stealth).
  5350 | D:7      | 5350 ||| Stepping ~*~*~tactically~*~*~ (stealth).
  5465 | D:7      | 5465 ||| Stepping ~*~*~tactically~*~*~ (stealth).
  5600 | D:7      | 5600 ||| Stepping ~*~*~tactically~*~*~ (stealth).
  5622 | D:7      | 5622 ||| Stepping ~*~*~tactically~*~*~ (stealth).
  5632 | D:7      | 5632 ||| Stepping ~*~*~tactically~*~*~ (stealth).
  5634 | D:7      | Noticed a gargoyle
  5635 | D:7      | 5635 ||| Stepping ~*~*~tactically~*~*~ (outnumbered).
  5646 | D:7      | 5646 ||| Stepping ~*~*~tactically~*~*~ (stealth).
  5648 | D:7      | 5648 ||| Stepping ~*~*~tactically~*~*~ (hiding).
  5651 | D:7      | Identified the ring "Ylus" {MP+9 SInv}
  5653 | D:7      | Killed a gargoyle
  5659 | D:7      | Reached skill level 13 in Unarmed Combat
  5999 | D:7      | 5999 ||| UPGRADING to +2 cloak.
  6009 | D:7      | 6009 ||| DROPPING +0 cloak.
  6010 | D:7      | 6010 ||| UPGRADING to ring "Ylus" {MP+9 SInv}.
  6068 | D:7      | 6068 ||| DRINKING 2 sedimented yellow potions.
  6068 | D:7      | Gained mutation: You are weak. (Str -2) [potion of
                  | mutation]
  6068 | D:7      | Gained mutation: Armour fits poorly on your strangely
                  | shaped body. [potion of mutation]
  6068 | D:7      | Gained mutation: You are strong-willed. (Will+) [potion of
                  | mutation]
  6069 | D:7      | 6069 ||| DRINKING potion of mutation.
  6069 | D:7      | Lost mutation: You are weak. (Str -2) [potion of mutation]
  6069 | D:7      | Lost mutation: You are strong-willed. (Will+) [potion of
                  | mutation]
  6069 | D:7      | Lost mutation: Armour fits poorly on your strangely shaped
                  | body. [potion of mutation]
  6069 | D:7      | Gained mutation: Your movements are slightly less
                  | encumbered by armour. (ER -2) [potion of mutation]
  6069 | D:7      | Gained mutation: You occasionally lose the ability to drink
                  | potions when taking damage. [potion of mutation]
  6070 | D:7      | 6070 ||| DRINKING 2 fuming grey potions.
  6071 | D:7      | 6071 ||| READING 2 scrolls of identify.
  6071 | D:7      | 6071 ||| IDENTIFYING glowing ruby potion
  6072 | D:7      | 6072 ||| DROPPING potion of degeneration.
  6103 | D:8      | Found a stormy altar of Qazlal.
  6304 | D:8      | Noticed a two-headed ogre
  6313 | D:8      | 6313 ||| Stepping ~*~*~tactically~*~*~ (hiding).
  6336 | D:8      | Noticed a green ugly thing
  6378 | D:8      | 6378 ||| INVOKING Fiery Armour.
  6383 | D:8      | Killed a two-headed ogre
  6389 | D:8      | Reached skill level 14 in Unarmed Combat
  6397 | D:8      | Killed a green ugly thing
  6458 | D:8      | 6458 ||| Stepping ~*~*~tactically~*~*~ (hiding).
  6465 | D:8      | 6465 ||| Stepping ~*~*~tactically~*~*~ (hiding).
  6469 | D:8      | 6469 ||| Stepping ~*~*~tactically~*~*~ (hiding).
  6472 | D:8      | Identified the amulet "Judofuodd" {Reflect rC+ Will+ SH+5}
  6491 | D:8      | 6491 ||| UPGRADING to amulet "Judofuodd" {Reflect rC+ Will+
                  | SH+5}.
  6510 | D:8      | 6510 ||| Stepping randomly (stuck).
  6546 | D:8      | 6546 ||| Stepping ~*~*~tactically~*~*~ (stealth).
  6548 | D:8      | 6548 ||| Stepping ~*~*~tactically~*~*~ (stealth).
  6600 | D:8      | Reached skill level 6 in Fighting
  6713 | D:9      | Reached XP level 11. HP: 96/105 MP: 11/11
  6782 | D:9      | 6782 ||| Stepping randomly (stuck).
  6843 | D:9      | Found a staircase to the Lair.
  6923 | D:9      | 6923 ||| DRINKING potion of mutation.
  6923 | D:9      | Lost mutation: You occasionally lose the ability to drink
                  | potions when taking damage. [potion of mutation]
  6923 | D:9      | Lost mutation: Your movements are slightly less encumbered
                  | by armour. (ER -2) [potion of mutation]
  6923 | D:9      | Gained mutation: Your spells are a little harder to cast,
                  | but a little more powerful. [potion of mutation]
  6923 | D:9      | Gained mutation: You are strong-willed. (Will+) [potion of
                  | mutation]
  6940 | D:9      | Noticed Harold
  6947 | D:9      | 6947 ||| INVOKING Fiery Armour.
  6952 | D:9      | Killed Harold
  6953 | D:9      | Reached skill level 15 in Unarmed Combat
  7090 | D:9      | Noticed qw's ghost (novice TrCA)
  7093 | D:9      | Found a runed translucent door.
  7221 | D:9      | 7221 ||| Stepping ~*~*~tactically~*~*~ (stealth).
  7224 | D:9      | 7224 ||| Stepping ~*~*~tactically~*~*~ (stealth).
  7228 | D:9      | 7228 ||| Stepping ~*~*~tactically~*~*~ (stealth).
  7265 | D:9      | 7265 ||| Stepping ~*~*~tactically~*~*~ (stealth).
  7348 | D:9      | 7348 ||| Stepping ~*~*~tactically~*~*~ (stealth).
  7601 | D:9      | 7601 ||| UPGRADING to +0 kite shield.
  7606 | D:9      | 7606 ||| PLANNING LAIR
  7606 | D:9      | 7606 ||| READING scroll labelled RIQIGA TAMYOV.
  7607 | D:9      | 7607 ||| READING scroll labelled PIWKOA JICIAMUI.
  7608 | D:9      | 7608 ||| READING scroll labelled ILLOPH PAMAFOETT.
  7609 | D:9      | 7609 ||| DRINKING 2 brown potions.
  7643 | Lair:1   | Entered Level 1 of the Lair of Beasts
  7770 | Lair:1   | 7770 ||| Stepping ~*~*~tactically~*~*~ (hiding).
  7786 | Lair:1   | Reached skill level 1 in Shields
  7796 | Lair:1   | Noticed a catoblepas
  7797 | Lair:1   | 7797 ||| INVOKING Fiery Armour.
  7806 | Lair:1   | Killed a catoblepas
  7807 | Lair:1   | Reached skill level 3 in Shields
  7863 | Lair:1   | 7863 ||| Stepping ~*~*~tactically~*~*~ (stealth).
  7894 | Lair:1   | 7894 ||| READING scroll of enchant armour.
  7894 | Lair:1   | 7894 ||| ENCHANTING +0 acid dragon scales.
  7976 | Lair:1   | 7976 ||| Stepping ~*~*~tactically~*~*~ (stealth).
  7979 | Lair:1   | 7979 ||| INVOKING Fiery Armour.
  7995 | Lair:1   | 7995 ||| Stepping ~*~*~tactically~*~*~ (outnumbered).
  7998 | Lair:1   | 7998 ||| Stepping ~*~*~tactically~*~*~ (outnumbered).
  8068 | Lair:1   | 8068 ||| Stepping ~*~*~tactically~*~*~ (stealth).
  8302 | Lair:1   | 8302 ||| Stepping ~*~*~tactically~*~*~ (outnumbered).
  8319 | Lair:1   | Reached skill level 6 in Shields
  8477 | Lair:1   | 8477 ||| READING scroll labelled RESANON XOPLO.
  8539 | Lair:2   | Noticed a five-headed hydra
  8540 | Lair:2   | 8540 ||| INVOKING Fiery Armour.
  8547 | Lair:2   | Killed a seven-headed hydra
  8697 | Lair:2   | 8697 ||| INVOKING Fiery Armour.
  8700 | Lair:2   | 8700 ||| Stepping ~*~*~tactically~*~*~ (outnumbered).
  8701 | Lair:2   | 8701 ||| Stepping ~*~*~tactically~*~*~ (outnumbered).
  8702 | Lair:2   | 8702 ||| Stepping ~*~*~tactically~*~*~ (outnumbered).
  8704 | Lair:2   | 8704 ||| Stepping ~*~*~tactically~*~*~ (outnumbered).
  8705 | Lair:2   | 8705 ||| Stepping ~*~*~tactically~*~*~ (outnumbered).
  8720 | Lair:2   | Reached XP level 12. HP: 30/114 MP: 12/12
  8721 | Lair:2   | 8721 ||| Stepping ~*~*~tactically~*~*~ (outnumbered).
  8722 | Lair:2   | 8722 ||| Stepping ~*~*~tactically~*~*~ (outnumbered).
  8723 | Lair:2   | 8723 ||| Stepping ~*~*~tactically~*~*~ (outnumbered).
  8724 | Lair:2   | 8724 ||| Stepping ~*~*~tactically~*~*~ (hiding).
  8725 | Lair:2   | HP: 27/114 [elephant (9)]
  8726 | Lair:2   | 8726 ||| READING 2 scrolls of teleportation.
  8727 | Lair:2   | 8727 ||| DRINKING potion of heal wounds.
  8728 | Lair:2   | 8728 ||| Stepping ~*~*~tactically~*~*~ (outnumbered).
  8862 | Lair:2   | 8862 ||| Stepping ~*~*~tactically~*~*~ (hiding).
  8866 | Lair:2   | 8866 ||| INVOKING Fiery Armour.
  8869 | Lair:2   | 8869 ||| Stepping ~*~*~tactically~*~*~ (outnumbered).
  8870 | Lair:2   | 8870 ||| Stepping ~*~*~tactically~*~*~ (outnumbered).
  8871 | Lair:2   | 8871 ||| Stepping ~*~*~tactically~*~*~ (outnumbered).
  8872 | Lair:2   | 8872 ||| Stepping ~*~*~tactically~*~*~ (outnumbered).
  8874 | Lair:2   | 8874 ||| Stepping ~*~*~tactically~*~*~ (outnumbered).
  8875 | Lair:2   | 8875 ||| Stepping ~*~*~tactically~*~*~ (outnumbered).
  8999 | Lair:2   | Reached skill level 9 in Shields
  9001 | Lair:2   | 9001 ||| INVOKING Fiery Armour.
  9005 | Lair:2   | 9005 ||| Stepping ~*~*~tactically~*~*~ (outnumbered).
  9006 | Lair:2   | 9006 ||| Stepping ~*~*~tactically~*~*~ (outnumbered).
  9008 | Lair:2   | 9008 ||| Stepping ~*~*~tactically~*~*~ (outnumbered).
  9009 | Lair:2   | 9009 ||| Stepping ~*~*~tactically~*~*~ (outnumbered).
  9010 | Lair:2   | 9010 ||| Stepping ~*~*~tactically~*~*~ (outnumbered).
  9011 | Lair:2   | 9011 ||| Stepping ~*~*~tactically~*~*~ (outnumbered).
  9012 | Lair:2   | 9012 ||| Stepping ~*~*~tactically~*~*~ (outnumbered).
  9013 | Lair:2   | 9013 ||| Stepping ~*~*~tactically~*~*~ (outnumbered).
  9014 | Lair:2   | 9014 ||| Stepping ~*~*~tactically~*~*~ (outnumbered).
  9015 | Lair:2   | 9015 ||| Stepping ~*~*~tactically~*~*~ (outnumbered).
  9016 | Lair:2   | 9016 ||| Stepping ~*~*~tactically~*~*~ (outnumbered).
  9017 | Lair:2   | 9017 ||| Stepping ~*~*~tactically~*~*~ (outnumbered).
  9020 | Lair:2   | 9020 ||| Stepping ~*~*~tactically~*~*~ (outnumbered).
  9021 | Lair:2   | 9021 ||| Stepping ~*~*~tactically~*~*~ (outnumbered).
  9022 | Lair:2   | 9022 ||| Stepping ~*~*~tactically~*~*~ (outnumbered).
  9023 | Lair:2   | 9023 ||| Stepping ~*~*~tactically~*~*~ (outnumbered).
  9024 | Lair:2   | 9024 ||| Stepping ~*~*~tactically~*~*~ (outnumbered).
  9025 | Lair:2   | 9025 ||| Stepping ~*~*~tactically~*~*~ (outnumbered).
  9026 | Lair:2   | 9026 ||| Stepping ~*~*~tactically~*~*~ (outnumbered).
  9027 | Lair:2   | 9027 ||| Stepping ~*~*~tactically~*~*~ (outnumbered).
  9028 | Lair:2   | 9028 ||| Stepping ~*~*~tactically~*~*~ (outnumbered).
  9030 | Lair:2   | 9030 ||| Stepping ~*~*~tactically~*~*~ (outnumbered).
  9030 | Lair:2   | HP: 25/114 [elephant (11)]
  9031 | Lair:2   | 9031 ||| READING scroll of teleportation.
  9032 | Lair:2   | 9032 ||| Stepping ~*~*~tactically~*~*~ (outnumbered).
  9033 | Lair:2   | 9033 ||| Stepping ~*~*~tactically~*~*~ (outnumbered).
  9268 | Lair:2   | 9268 ||| Stepping ~*~*~tactically~*~*~ (stealth).
  9269 | Lair:2   | 9269 ||| Stepping ~*~*~tactically~*~*~ (stealth).
  9270 | Lair:2   | 9270 ||| Stepping ~*~*~tactically~*~*~ (stealth).
  9552 | Lair:2   | 9552 ||| DROPPING +2 cloak.
  9616 | Lair:3   | 9616 ||| Stepping ~*~*~tactically~*~*~ (outnumbered).
  9653 | Lair:3   | Found a staircase to the Swamp.
  9741 | Lair:3   | 9741 ||| INVOKING Fiery Armour.
  9743 | Lair:3   | 9743 ||| Stepping ~*~*~tactically~*~*~ (outnumbered).
  9756 | Lair:3   | Found a staircase to the Snake Pit.
  9759 | Lair:3   | 9759 ||| Stepping ~*~*~tactically~*~*~ (outnumbered).
  9761 | Lair:3   | 9761 ||| Stepping ~*~*~tactically~*~*~ (outnumbered).
  9762 | Lair:3   | 9762 ||| Stepping ~*~*~tactically~*~*~ (outnumbered).
  9763 | Lair:3   | 9763 ||| Stepping ~*~*~tactically~*~*~ (outnumbered).
  9765 | Lair:3   | 9765 ||| Stepping ~*~*~tactically~*~*~ (outnumbered).
  9768 | Lair:3   | 9768 ||| Stepping ~*~*~tactically~*~*~ (outnumbered).
  9867 | Lair:3   | Noticed a death yak
  9868 | Lair:3   | 9868 ||| INVOKING Fiery Armour.
  9870 | Lair:3   | Noticed a death yak
  9870 | Lair:3   | Noticed a death yak
  9871 | Lair:3   | 9871 ||| Stepping ~*~*~tactically~*~*~ (stealth).
  9872 | Lair:3   | 9872 ||| Stepping ~*~*~tactically~*~*~ (stealth).
  9879 | Lair:3   | 9879 ||| Stepping ~*~*~tactically~*~*~ (outnumbered).
  9879 | Lair:3   | Noticed a death yak
  9882 | Lair:3   | 9882 ||| Stepping ~*~*~tactically~*~*~ (outnumbered).
  9883 | Lair:3   | 9883 ||| Stepping ~*~*~tactically~*~*~ (outnumbered).
  9886 | Lair:3   | Noticed a death yak
  9887 | Lair:3   | 9887 ||| Stepping ~*~*~tactically~*~*~ (stealth).
  9888 | Lair:3   | Noticed Sonja
  9892 | Lair:3   | Killed a death yak
  9898 | Lair:3   | Killed a death yak
  9907 | Lair:3   | Killed a death yak
  9910 | Lair:3   | Killed a death yak
  9923 | Lair:3   | Killed a death yak
  9934 | Lair:3   | Killed Sonja
 10037 | Lair:3   | 10037 ||| PLANNING TEMPLE
 10037 | Lair:3   | 10037 ||| READING scroll labelled XAMPUSM ANWU.
 10037 | Lair:3   | Identified a scroll of acquirement
 10037 | Lair:3   | 10037 ||| ACQUIRING 537 gold pieces
 10037 | Lair:3   | Acquired 537 gold pieces
 10039 | Lair:3   | 10039 ||| DRINKING 2 cyan potions.
 10077 | Lair:3   | 10077 ||| DROPPING potion of lignification.
 10170 | Temple   | Entered the Ecumenical Temple
 10171 | Temple   | 10171 ||| PLANNING CONVERSION TO OKAWARU
 10178 | Temple   | Fell from the grace of Ignis
 10178 | Temple   | Became a worshipper of Warmaster Okawaru
 10179 | Temple   | 10179 ||| PLANNING LAIR
 10254 | Lair:3   | Noticed Kirke
 10255 | Lair:3   | 10255 ||| STAIRDANCE
 10287 | Lair:3   | Killed Kirke
 10288 | Lair:3   | Reached skill level 16 in Unarmed Combat
 10288 | Lair:3   | Reached XP level 13. HP: 105/120 MP: 13/13
 10288 | Lair:3   | 10288 ||| STAIRDANCE
 10305 | Lair:3   | 10305 ||| STAIRDANCE
 10307 | Lair:2   | 10307 ||| Stepping ~*~*~tactically~*~*~ (outnumbered).
 10308 | Lair:2   | 10308 ||| Stepping ~*~*~tactically~*~*~ (outnumbered).
 10309 | Lair:2   | 10309 ||| Stepping ~*~*~tactically~*~*~ (outnumbered).
 10310 | Lair:2   | 10310 ||| Stepping ~*~*~tactically~*~*~ (outnumbered).
 10312 | Lair:2   | 10312 ||| Stepping ~*~*~tactically~*~*~ (outnumbered).
 10313 | Lair:2   | 10313 ||| Stepping ~*~*~tactically~*~*~ (outnumbered).
 10314 | Lair:2   | 10314 ||| Stepping ~*~*~tactically~*~*~ (outnumbered).
 10318 | Lair:2   | 10318 ||| Stepping ~*~*~tactically~*~*~ (outnumbered).
 10331 | Lair:2   | Reached * piety under Okawaru
 10524 | Lair:3   | You fall into a shaft and drop 1 floor!
 10525 | Lair:4   | 10525 ||| INVOKING Heroism.
 10526 | Lair:4   | 10526 ||| INVOKING Heroism.
 10527 | Lair:4   | 10527 ||| INVOKING Heroism.
 10528 | Lair:4   | 10528 ||| INVOKING Heroism.
 10530 | Lair:4   | 10530 ||| Stepping ~*~*~tactically~*~*~ (outnumbered).
 10533 | Lair:4   | Reached skill level 1 in Invocations
 10542 | Lair:4   | 10542 ||| Stepping ~*~*~tactically~*~*~ (outnumbered).
 10543 | Lair:4   | 10543 ||| INVOKING Heroism.
 10544 | Lair:4   | 10544 ||| Stepping ~*~*~tactically~*~*~ (outnumbered).
 10546 | Lair:4   | 10546 ||| Stepping ~*~*~tactically~*~*~ (outnumbered).
 10547 | Lair:4   | 10547 ||| Stepping ~*~*~tactically~*~*~ (outnumbered).
 10555 | Lair:4   | HP: 26/120 [cane toad (9)]
 10556 | Lair:4   | 10556 ||| DRINKING 4 potions of heal wounds.
 10626 | Lair:4   | 10626 ||| Stepping ~*~*~tactically~*~*~ (stealth).
 10717 | Lair:4   | 10717 ||| Stepping ~*~*~tactically~*~*~ (stealth).
 10718 | Lair:4   | 10718 ||| Stepping ~*~*~tactically~*~*~ (stealth).
 10723 | Lair:4   | 10723 ||| Stepping ~*~*~tactically~*~*~ (stealth).
 10724 | Lair:4   | 10724 ||| Stepping ~*~*~tactically~*~*~ (stealth).
 10729 | Lair:4   | 10729 ||| Stepping ~*~*~tactically~*~*~ (stealth).
 10730 | Lair:4   | 10730 ||| Stepping ~*~*~tactically~*~*~ (stealth).
 10731 | Lair:4   | 10731 ||| INVOKING Heroism.
 10734 | Lair:4   | 10734 ||| Stepping ~*~*~tactically~*~*~ (outnumbered).
 10738 | Lair:4   | Reached skill level 3 in Invocations
 10741 | Lair:4   | Reached ** piety under Okawaru
 10749 | Lair:4   | HP: 26/122 [yak (10)]
 10750 | Lair:4   | 10750 ||| DRINKING 3 potions of heal wounds.
 10754 | Lair:4   | 10754 ||| INVOKING Heroism.
 10754 | Lair:4   | HP: 29/122 [dream sheep (7)]
 10755 | Lair:4   | 10755 ||| DRINKING 2 potions of heal wounds.
 10758 | Lair:4   | 10758 ||| Stepping ~*~*~tactically~*~*~ (outnumbered).
 10759 | Lair:4   | 10759 ||| Stepping ~*~*~tactically~*~*~ (outnumbered).
 10760 | Lair:4   | HP: 26/122 [yak (19)]
 10761 | Lair:4   | 10761 ||| DRINKING potion of heal wounds.
 10762 | Lair:4   | 10762 ||| Stepping ~*~*~tactically~*~*~ (outnumbered).
 10763 | Lair:4   | 10763 ||| Stepping ~*~*~tactically~*~*~ (outnumbered).
 10766 | Lair:4   | 10766 ||| Stepping ~*~*~tactically~*~*~ (outnumbered).
 10773 | Lair:4   | HP: 22/123 [dream sheep (12)]
 10948 | Lair:3   | 10948 ||| FLEEEEING.
 10969 | Lair:3   | 10969 ||| INVOKING Heroism.
 10973 | Lair:3   | 10973 ||| Stepping ~*~*~tactically~*~*~ (outnumbered).
 10974 | Lair:3   | 10974 ||| Stepping ~*~*~tactically~*~*~ (outnumbered).
 10975 | Lair:3   | 10975 ||| Stepping ~*~*~tactically~*~*~ (outnumbered).
 10980 | Lair:3   | 10980 ||| Stepping ~*~*~tactically~*~*~ (outnumbered).
 10988 | Lair:3   | 10988 ||| Stepping ~*~*~tactically~*~*~ (outnumbered).
 10989 | Lair:3   | 10989 ||| Stepping ~*~*~tactically~*~*~ (outnumbered).
 10990 | Lair:3   | 10990 ||| Stepping ~*~*~tactically~*~*~ (outnumbered).
 10991 | Lair:3   | 10991 ||| Stepping ~*~*~tactically~*~*~ (outnumbered).
 11212 | Lair:3   | 11212 ||| Stepping ~*~*~tactically~*~*~ (stealth).
 11213 | Lair:3   | 11213 ||| Stepping ~*~*~tactically~*~*~ (stealth).
 11214 | Lair:3   | 11214 ||| INVOKING Heroism.
 11285 | Lair:3   | Noticed Snorg
 11286 | Lair:3   | 11286 ||| INVOKING Heroism.
 11297 | Lair:3   | Killed Snorg
 11626 | Lair:4   | 11626 ||| STAIRDANCE
 11628 | Lair:3   | 11628 ||| INVOKING Heroism.
 11674 | Lair:4   | 11674 ||| STAIRDANCE
 11697 | Lair:4   | 11697 ||| STAIRDANCE
 11716 | Lair:4   | 11716 ||| STAIRDANCE
 11724 | Lair:3   | 11724 ||| INVOKING Heroism.
 11764 | Lair:4   | 11764 ||| STAIRDANCE
 11770 | Lair:3   | Reached *** piety under Okawaru
 11800 | Lair:4   | 11800 ||| STAIRDANCE
 11867 | Lair:4   | 11867 ||| FLEEEEING.
 11868 | Lair:4   | 11868 ||| FLEEEEING.
 11869 | Lair:4   | 11869 ||| STAIRDANCE
 11986 | Lair:4   | 11986 ||| STAIRDANCE
 11988 | Lair:3   | 11988 ||| Stepping ~*~*~tactically~*~*~ (outnumbered).
 11989 | Lair:3   | 11989 ||| Stepping ~*~*~tactically~*~*~ (outnumbered).
 11990 | Lair:3   | 11990 ||| Stepping ~*~*~tactically~*~*~ (outnumbered).
 11991 | Lair:3   | 11991 ||| Stepping ~*~*~tactically~*~*~ (outnumbered).
 11992 | Lair:3   | 11992 ||| Stepping ~*~*~tactically~*~*~ (outnumbered).
 12009 | Lair:4   | 12009 ||| STAIRDANCE
 12020 | Lair:4   | 12020 ||| STAIRDANCE
 12029 | Lair:4   | 12029 ||| STAIRDANCE
 12031 | Lair:3   | 12031 ||| Stepping ~*~*~tactically~*~*~ (outnumbered).
 12032 | Lair:3   | 12032 ||| Stepping ~*~*~tactically~*~*~ (outnumbered).
 12033 | Lair:3   | 12033 ||| Stepping ~*~*~tactically~*~*~ (outnumbered).
 12034 | Lair:3   | 12034 ||| Stepping ~*~*~tactically~*~*~ (outnumbered).
 12035 | Lair:3   | 12035 ||| Stepping ~*~*~tactically~*~*~ (outnumbered).
 12045 | Lair:3   | Reached skill level 17 in Unarmed Combat
 12077 | Lair:4   | 12077 ||| STAIRDANCE
 12092 | Lair:4   | 12092 ||| STAIRDANCE
 12104 | Lair:4   | 12104 ||| INVOKING Heroism.
 12115 | Lair:4   | 12115 ||| STAIRDANCE
 12320 | Lair:4   | 12320 ||| INVOKING Heroism.
 12326 | Lair:4   | 12326 ||| Stepping ~*~*~tactically~*~*~ (outnumbered).
 12327 | Lair:4   | 12327 ||| Stepping ~*~*~tactically~*~*~ (outnumbered).
 12328 | Lair:4   | 12328 ||| Stepping ~*~*~tactically~*~*~ (outnumbered).
 12329 | Lair:4   | 12329 ||| Stepping ~*~*~tactically~*~*~ (outnumbered).
 12330 | Lair:4   | 12330 ||| Stepping ~*~*~tactically~*~*~ (outnumbered).
 12331 | Lair:4   | 12331 ||| Stepping ~*~*~tactically~*~*~ (outnumbered).
 12340 | Lair:4   | Reached **** piety under Okawaru
 12341 | Lair:4   | 12341 ||| Stepping ~*~*~tactically~*~*~ (outnumbered).
 12448 | Lair:4   | Identified the ring "Hykkiuni" {MP+9 Str-3 Int+4 Dex+4}
 12629 | Lair:4   | Was forgiven by Ignis
 12630 | Lair:4   | 12630 ||| Stepping ~*~*~tactically~*~*~ (outnumbered).
 12726 | Lair:4   | 12726 ||| DROPPING ring "Hykkiuni" {MP+9 Str-3 Int+4
                  | Dex+4}.
 12727 | Lair:4   | 12727 ||| READING 4 scrolls of identify.
 12727 | Lair:4   | 12727 ||| IDENTIFYING viscous inky potion
 12728 | Lair:4   | 12728 ||| DROPPING potion of brilliance.
 12739 | Lair:5   | Entered Level 5 of the Lair of Beasts
 12742 | Lair:5   | 12742 ||| Stepping ~*~*~tactically~*~*~ (stealth).
 12743 | Lair:5   | 12743 ||| INVOKING Heroism.
 12760 | Lair:5   | 12760 ||| Stepping ~*~*~tactically~*~*~ (outnumbered).
 12772 | Lair:5   | 12772 ||| INVOKING Heroism.
 12774 | Lair:5   | Reached XP level 14. HP: 67/133 MP: 16/16
 12796 | Lair:5   | HP: 30/133 [cane toad (10)]
 12798 | Lair:5   | Reached ***** piety under Okawaru
 12799 | Lair:5   | 12799 ||| INVOKING Finesse.
 12803 | Lair:5   | HP: 15/133 [yak (8)]
 12807 | Lair:5   | 12807 ||| INVOKING Heroism.
 12822 | Lair:5   | Reached skill level 6 in Invocations
 12832 | Lair:5   | HP: 18/133 [yak (1)]
 12840 | Lair:5   | HP: 14/133 [yak (2)]
 12845 | Lair:5   | Received a gift from Okawaru
 12849 | Lair:5   | HP: 15/133 [wolf (3)]
 12857 | Lair:5   | HP: 18/133 [elephant (2)]
 12864 | Lair:5   | HP: 2/133 [yak (12)]
 12864 | Lair:5   | Slain by a wolf

Levels and vault maps discovered:
D:1:      matt_arrival_diagonals, layout_basic, amcnicky_mini_pool_small,
          grunt_decor_one_mirror
D:2:      layout_loops_ring
D:3:      layout_rooms, serial_rivers, chequers_serial_rivers_room_b,
          chequers_serial_rivers_large_a, chequers_serial_rivers_micro_d,
          chequers_serial_rivers_room_b, hangedman_decor_points
D:4:      layout_rooms, gup_sewer_entry_spiral, nicolae_shop_fire_sale
          [nicolae_sub_dead_trees], uniq_grinder, uniq_ijyb, uniq_sigmund
D:5:      cheibrodos_fzero, layout_basic, jmf_multi_god_temple2, nicolae_sextant
D:6:      nicolae_cairo_tiling_very_big, layout_layer_cave, xom_teletrap_fun,
          nicolae_overflow_quartered_altars, uniq_maggie
D:7:      minmay_the_grid_square_5x5_3x3 [minmay_the_grid_square_5x5_fat_x,
          minmay_the_grid_square_5x5_minimal,
          minmay_the_grid_square_5x5_checkered,
          minmay_the_grid_square_5x5_longway,
          minmay_the_grid_square_5x5_megaprize_diamond,
          minmay_the_grid_square_5x5_checkered_statues,
          minmay_the_grid_square_5x5_minivault,
          minmay_the_grid_square_5x5_misaligned,
          minmay_the_grid_square_5x5_meh], layout_gridville,
          minmay_temple_entry_overgrown
D:8:      minmay_clustersquares, layout_basic, nicolae_qazlal_style_of_elements,
          minmay_misc_feat_roman, nicolae_concentric_dashed_squares_mild
D:9:      layout_gridville, lair_entry_dummy, serial_undead, serial_undead_e,
          serial_undead_f, serial_undead_f, serial_undead_a, serial_undead_c,
          hellmonk_ghost_happy_afterlife, dk_noncrumbling_4, item_on_display_a,
          uniq_harold
Temple:   eino_temple_lava
Lair:1:   layout_roguey [special_room_bee], st_stairs_4
Lair:2:   layout_long_grid
Lair:3:   layout_cave_pods, minmay_swamp_entry_swarm,
          minmay_snake_entry_six_corridors, minivault_26, beast_lair_carwin_9,
          infiniplex_staircase_pool_2, serial_bayou_shore_a, uniq_kirke,
          uniq_sonja, uniq_snorg
Lair:4:   layout_hall_layers, grunt_megastairs_1
Lair:5:   hellmonk_lair_end_abyssal_woods, layout_loops_ring,
          dpeg_slime_entry_corner, grunt_forest_small_clearing_treed,
          serial_bayou_shore_b, grunt_megastairs_4

Skill      XL: |  1  2  3  4  5  6  7  8  9 10 11 12 13 14 |
---------------+-------------------------------------------+-----
Unarmed Combat | 4 6 8 9 10 12 14 15 16 17 | 17.9
Throwing       | 1 2 3 4 |  4.1
Fighting       | 3 4 6 7 |  7.0
Dodging        | 3 |  3.0
Armour         | 3 |  3.9
Shields        | 7 11 | 11.5
Invocations    | 4 6 |  6.5
Spellcasting   | |  1.0
Fire Magic     | |  2.1

Action                   |  1- 3 |  4- 6 |  7- 9 | 10-12 | 13-15 || total
-------------------------+-------+-------+-------+-------+-------++-------
Melee: Unarmed           |   130 |    65 |   187 |   601 |   447 ||  1430
       Punch             |     2 |     1 |     7 |     9 |       ||    19
Throw: Javelin           |     1 |    13 |    32 |    33 |     5 ||    84
       Boomerang         |       |       |       |    52 |     8 ||    60
Invok: Fiery Armour      |       |       |     3 |    10 |       ||    13
       Heroism           |       |       |       |       |    14 ||    14
       Finesse           |       |       |       |       |     1 ||     1
  Use: Scroll            |     4 |       |    10 |     9 |     1 ||    24
       Potion            |     1 |       |     2 |     7 |     4 ||    14
Armor: Robe              |    56 |    35 |    53 |       |       ||   144
       Acid dragon scale |       |       |    11 |   367 |   197 ||   575
Dodge: Dodged            |    61 |    18 |    62 |   196 |   138 ||   475
Block: Other             |       |       |       |    19 |       ||    19
       Kite shield       |       |       |       |   343 |   370 ||   713
       Reflection        |       |       |       |     5 |     1 ||     6

Table legend:
 A = Non-vault XP
 B = Vault XP
 C = Vault XP percentage of total XP
 D = Non-vault monster count
 E = Vault monster count
 F = Vault count percentage of total count
                 A         B        C        D         E       F
            +---------+---------+-------+---------+---------+-------
      Total |   52129 |   24567 |  32.0 |     288 |     132 |  31.4
            +---------+---------+-------+---------+---------+-------
        D:1 |      41 |       0 |   0.0 |      22 |       0 |   0.0
        D:2 |      39 |       0 |   0.0 |      19 |       0 |   0.0
        D:3 |      32 |       0 |   0.0 |      12 |       0 |   0.0
        D:4 |     317 |     570 |  64.3 |      18 |       9 |  33.3
        D:5 |     578 |    1390 |  70.6 |      18 |      16 |  47.1
        D:6 |     629 |     418 |  39.9 |      11 |       1 |   8.3
        D:7 |    1335 |    2411 |  64.4 |       8 |      18 |  69.2
        D:8 |    1052 |    2060 |  66.2 |      22 |       9 |  29.0
        D:9 |    1169 |    2553 |  68.6 |      17 |      14 |  45.2
     Lair:1 |    2991 |    1845 |  38.2 |      14 |      26 |  65.0
     Lair:2 |    8189 |     407 |   4.7 |      31 |       2 |   6.1
     Lair:3 |   13572 |    6041 |  30.8 |      48 |      18 |  27.3
     Lair:4 |   10928 |    2526 |  18.8 |      24 |       9 |  27.3
     Lair:5 |   11257 |    4346 |  27.9 |      24 |      10 |  29.4
            +---------+---------+-------+---------+---------+-------
